 Dungeon Crawl Stone Soup version 0.23.2-33-g5129a83184 (webtiles) character file.

Game seed: 9335596515753833571

274 Ebilmort the Magician (level 6, 0/36 HPs)
             Began as an Octopode Wizard on Aug 11, 2019.
             Killed from afar by an orc wizard (8 damage)
             ... with a magic dart
             ... on level 4 of the Dungeon.
             The game lasted 00:11:53 (3453 turns).

Ebilmort the Magician (Octopode Wizard)             Turns: 3453, Time: 00:11:54

Health: 0/36       AC:  2    Str:  6    XL:     6   Next: 24%
Magic:  1/12       EV: 13    Int: 22    God:
Gold:   233        SH:  0    Dex: 11    Spells: 5/13 levels left

rFire    . . .     SeeInvis .   m - +1 whip (elec)
rCold    . . .     Gourm    .   (no shield)
rNeg     . . .     Faith    .   a - +1 hat
rPois    .         Spirit   .   (no amulet)
rElec    .         Reflect  .   n - ring of resist corrosion
rCorr    +         Harm     .   (no ring)
MR       .....                  (no ring)
Stlth    +++.......             (no ring)
HPRegen  0.12/turn              (no ring)
MPRegen  0.13/turn              (no ring)
                                (no ring)
                                (no ring)

@: very slightly contaminated
A: almost no armour, stealthy swim, amphibious, 8 rings, constrict 8, camouflage
1, gelatinous body 1
a: no special abilities


You were on level 4 of the Dungeon.
You were not hungry.

You visited 1 branch of the dungeon, and saw 4 of its levels.

You collected 233 gold pieces.

Inventory:

Hand Weapons
 e - a +1 long sword of flaming
 m - a +1 whip of electrocution (weapon)
Armour
 a - a +1 hat (worn)
Jewellery
 n - a ring of resist corrosion (left tentacle)
Potions
 b - 2 potions of heal wounds {unknown}
 d - a potion of flight {unknown}
 f - a potion of curing {unknown}
 g - a potion of brilliance {unknown}
 h - a potion of ambrosia {unknown}
 k - a potion of lignification {unknown}
Comestibles
 c - 7 rations


   Skills:
 - Level 2.0 Dodging
 - Level 2.6 Stealth
 + Level 4.4 Spellcasting
 + Level 3.7 Conjurations
 - Level 1.0 Summonings
 - Level 1.0 Translocations
 * Level 2.8 Fire Magic


You had 5 spell levels left.
You knew the following spells:

 Your Spells              Type           Power        Failure   Level  Hunger
a - Magic Dart            Conj           ###.         2%          1    None
b - Blink                 Tloc           N/A          11%         2    #......
c - Call Imp              Summ           #.......     11%         2    #......
d - Conjure Flame         Conj/Fire      ###.....     9%          3    ##.....

Your spell library contained the following spells:

 Spells                   Type           Power        Failure   Level  Hunger
 Slow                     Hex            #.......     16%         2    #......
 Mephitic Cloud           Conj/Pois/Air  ##......     19%         3    ##.....


Dungeon Overview and Level Annotations

Branches:
Dungeon (4/15)
 Temple: D:4-7

Altars:
Dithmenos


Innate Abilities, Weirdness & Mutations

You cannot wear most types of armour.
You are very stealthy in the water. (Stealth+)
You are amphibious.
You can wear up to eight rings at the same time.
You can use your tentacles to constrict eight enemies at once.
Your skin changes colour to match your surroundings (Stealth+).
Your rubbery body absorbs attacks. (AC +1, EV +1)


Message History

The magic dart hits something but does no damage.
Casting: Magic Dart (safe; 2% risk of failure)
Confirm with . or Enter, or press ? or * to list all spells.
Aiming: Magic Dart (safe; 2% risk of failure)
Press: ? - help, Shift-Dir - straight line The magic dart hits something.
Casting: Magic Dart (safe; 2% risk of failure)
Confirm with . or Enter, or press ? or * to list all spells.
Aiming: Magic Dart (safe; 2% risk of failure)
Press: ? - help, Shift-Dir - straight line The magic dart hits something.
Casting: Magic Dart (safe; 2% risk of failure)
Confirm with . or Enter, or press ? or * to list all spells.
Aiming: Magic Dart (safe; 2% risk of failure)
Press: ? - help, Shift-Dir - straight line The magic dart hits something.
You hear some strange, mumbled words.
A magic dart appears from out of thin air!
The magic dart hits you!
You die...

##...#......####.. ...
###.....#### . ...
#......## # #.. .?.
#.......# ####.#.#...
...
####....###.#........
o..
##.........#......o...
#...##...##.......{..
##..)).#.##...# ...o.
##.@#.#.#..####.....
###.#.....#..#......
#.......o.o..(....##
##.......##..##...#
#........###.######
#.....#...##...#
##.............##
###............#
##.........###


There were no monsters in sight!

Vanquished Creatures
  A hound (D:3)
  An orc wizard (D:4)
  An orc priest (D:3)
  2 worker ants (D:4)
  3 adders
  2 oozes
  A worm (D:4)
  3 dart slugs
  7 leopard geckos
  11 orcs
  2 giant cockroaches
  8 goblins
  9 hobgoblins
  8 kobolds
  2 ball pythons
  6 bats
  7 frilled lizards
  2 leopard gecko skeletons
  A quokka skeleton (D:4)
  5 rats
82 creatures vanquished.

Notes
Turn   | Place    | Note
-------+----------+-------------------------------------------
     0 | D:1      | Ebilmort the Octopode Wizard began the quest for the Orb.
     0 | D:1      | Reached XP level 1. HP: 11/11 MP: 4/4
   123 | D:1      | Reached XP level 2. HP: 17/17 MP: 3/6
   409 | D:1      | Reached XP level 3. HP: 21/21 MP: 0/8
   480 | D:1      | Learned a level 2 spell: Blink
   483 | D:1      | Learned a level 2 spell: Call Imp
   487 | D:1      | Learned a level 3 spell: Conjure Flame
  1293 | D:2      | Reached XP level 4. HP: 27/27 MP: 6/9
  1374 | D:2      | Found a shadowy altar of Dithmenos.
  1880 | D:3      | Reached skill level 4 in Spellcasting
  2501 | D:3      | Reached skill level 1 in Fire Magic
  2509 | D:3      | Reached XP level 5. HP: 13/31 MP: 1/11
  3031 | D:3      | Reached XP level 6. HP: 6/36 MP: 5/12
  3453 | D:4      | Killed from afar by an orc wizard

Skill      XL: |  1  2  3  4  5 |
---------------+----------------+-----
Conjurations   | 2 3 |  3.7
Spellcasting   | 4 |  4.4
Fire Magic     | 1 2 |  2.8
Dodging        | |  2.0
Stealth        | |  2.6
Summonings     | |  1.0
Translocations | |  1.0

Action                   |  1- 3 |  4- 6 || total
-------------------------+-------+-------++-------
Melee: Unarmed           |    15 |     4 ||    19
       Constrict         |     5 |     5 ||    10
       Tentacles         |     2 |     4 ||     6
       Whip              |       |    16 ||    16
 Cast: Magic Dart        |    78 |   116 ||   194
       Conjure Flame     |       |     3 ||     3
  Use: Scroll            |       |     6 ||     6
 Stab: Distracted        |       |     1 ||     1
  Eat: Chunk             |     1 |     4 ||     5
       Ration            |       |     1 ||     1
Armor: Skin              |     1 |     1 ||     2
Dodge: Dodged            |    17 |    26 ||    43
